 Dungeon Crawl Stone Soup version 0.19.0-2-gae57169 (webtiles) character file.

212 nikopol the Skirmisher (level 5, -9/48 HPs)
             Began as a Minotaur Berserker on Nov 6, 2016.
             Was a Believer of Trog.
             Killed by divine providence
             ... invoked by an orc priest
              (12 damage)
             ... on level 4 of the Dungeon.
             The game lasted 00:09:10 (2768 turns).

nikopol the Skirmisher (Minotaur Berserker)         Turns: 2768, Time: 00:09:10

Health: -9/48      AC:  5    Str: 22    XL:     5   Next: 58%
Magic:  4/4        EV: 12    Int:  4    God:    Trog [**....]
Gold:   184        SH:  0    Dex: 10    Spells: 0 memorised, 4 levels left

rFire  . . .     SeeInvis .     a - +3 trident (protect)
rCold  . . .     Gourm    .     q - +0 ring mail
rNeg   . . .     Faith    .     (no shield)
rPois  .         Spirit   .     (helmet restricted)
rElec  .         Reflect  .     (no cloak)
rCorr  .         Harm     .     (no gloves)
MR     .....                    (no boots)
Stlth  ..........               (no amulet)
                                (no ring)
                                (no ring)

@: confused
A: retaliatory headbutt, horns 2
a: Berserk, Trog's Hand, Burn Spellbooks, Renounce Religion


You were on level 4 of the Dungeon.
You worshipped Trog.
Trog was pleased with you.
You were not hungry.

You visited 1 branch of the dungeon, and saw 4 of its levels.

You collected 184 gold pieces.

Inventory:

Hand Weapons
 a - a +3 trident of protection (weapon)
 s - a +0 spear
Missiles
 n - 28 arrows
Armour
 b - a +0 animal skin
 q - a +0 ring mail (worn)
Jewellery
 h - an uncursed amulet of magic regeneration {unknown}
 o - an uncursed ring of poison resistance {unknown}
Wands
 u - a wand of digging (10/24)
Scrolls
 j - a scroll of blinking {unknown}
 l - 5 scrolls of identify {unknown}
 m - a scroll of fog {unknown}
 r - 2 scrolls of teleportation {unknown}
Potions
 d - a potion of curing {unknown}
 e - 2 potions of lignification {unknown}
 f - 2 potions of resistance {unknown}
 i - a potion of heal wounds {unknown}
 k - 2 potions of magic {unknown}
 p - a potion of ambrosia {unknown}
Comestibles
 c - 2 bread rations
 g - a meat ration
 t - 10 chunks of flesh


   Skills:
 + Level 5.1 Fighting
 + Level 4.8 Polearms
 + Level 3.9 Armour
 + Level 3.7 Dodging


You had 4 spell levels left.
You didn't know any spells.

Dungeon Overview and Level Annotations

Branches:
Dungeon (4/15)
 Temple: D:4-7

Altars:
Kikubaaqudgha
Vehumet
Xom
Zin


Innate Abilities, Weirdness & Mutations

You reflexively headbutt those who attack you in melee.
You have a pair of horns on your head.


Message History

The puff of flame hits you!
* * * LOW HITPOINT WARNING * * *
You miss something. Your headbutt misses something.
Something hits you but does no damage.
The orc priest looks encouraged for a moment.
You bump into the rock wall.
You hear some strange, mumbled words.
You are more confused.
You completely miss something. Something hits you.
* * * LOW HITPOINT WARNING * * *
The orc priest mumbles some strange prayers to Beogh against you.
Beogh smites you!
* * * LOW HITPOINT WARNING * * *
You're too confused!
You're too confused!
You closely miss something. Something hits you but does no damage.
You miss something. Something hits you but does no damage.
The orc priest mumbles some strange prayers to Beogh against you.
Beogh smites you!
You die...

..... ... ... .o. #o# #..
#o# #.# #.# #.# #@# #.#
#.# #.# # #.# #.#
...####.# #.# ........#
#.### .!.###..## ##...##
#...###.###.######. #
#.......# #........
....####...###.###.#######


You could see 2 orc priests and an orc.

Vanquished Creatures
  2 orc priests (D:4)
  A worker ant (D:4)
  4 adders
  3 oozes
  2 worms
  2 dart slugs
  A leopard gecko (D:2)
  7 orcs
  2 ball pythons (D:1)
  5 bats
  5 giant cockroaches
  6 goblins
  9 hobgoblins
  3 jackals
  6 kobolds
  A quokka (D:2)
  2 frilled lizards
  6 rats
67 creatures vanquished.

Vanquished Creatures (others)
  A rat (D:2)
1 creature vanquished.

Grand Total: 68 creatures vanquished

Notes
Turn   | Place    | Note
-------+----------+-------------------------------------------
     0 | D:1      | nikopol the Minotaur Berserker began the quest for the Orb.
     0 | D:1      | Reached XP level 1. HP: 19/19 MP: 0/0
   390 | D:1      | Reached XP level 2. HP: 26/27 MP: 1/1
   493 | D:1      | Reached skill level 4 in Fighting
   873 | D:1      | Reached XP level 3. HP: 33/33 MP: 2/2
   959 | D:2      | Found a glowing silver altar of Zin.
  1241 | D:2      | Found an ancient bone altar of Kikubaaqudgha.
  1609 | D:2      | Reached XP level 4. HP: 41/41 MP: 3/3
  1902 | D:2      | Reached ** piety under Trog
  1922 | D:2      | Found a radiant altar of Vehumet.
  2000 | D:2      | Found a shimmering altar of Xom.
  2702 | D:4      | Reached XP level 5. HP: 47/47 MP: 4/4
  2752 | D:4      | Reached skill level 5 in Fighting
  2768 | D:4      | Killed from afar by an orc priest

Skill      XL: |  1  2  3  4  5 |
---------------+----------------+-----
Fighting       | 4 5 |  5.1
Polearms       | 4 |  4.8
Armour         | 3 |  3.9
Dodging        | 3 |  3.7

Action                   |  1- 3 |  4- 6 || total
-------------------------+-------+-------++-------
Melee: Spear             |    87 |    61 ||   148
       Headbutt          |    11 |    12 ||    23
       Trident           |       |    58 ||    58
 Stab: Sleeping          |     1 |       ||     1
  Eat: Chunk             |     2 |     4 ||     6
Armor: Animal skin       |     9 |       ||     9
       Ring mail         |       |    33 ||    33
Dodge: Dodged            |    27 |    44 ||    71
